 Dungeon Crawl Stone Soup version 0.14-a0-519-g334afa2 (webtiles) character file.

6765 Infinimo the Severer (level 10, 0/78 (79) HPs)
             Began as a Minotaur Fighter on Nov 2, 2013.
             Was an Elder of Okawaru.
             Slain by an orc warrior
             ... wielding a +0,+0 great mace
              (17 damage)
             ... on Level 9 of the Dungeon.
             The game lasted 00:33:01 (15590 turns).

Infinimo the Severer (Minotaur Fighter)            Turns: 15590, Time: 00:33:01

HP   0/78 (79)   AC  9     Str 22      XL: 10   Next: 68%
MP   3/3         EV 12     Int 10      God: Okawaru [****..]
Gold 279         SH  0     Dex  9      Spells:  0 memorised,  9 levels left

Res.Fire  : . . .   See Invis. : .   y - +0,+1 orc hand axe
Res.Cold  : + . .   Warding    : .   b - -1 scale mail
Life Prot.: . . .   Conserve   : .   (no shield)
Res.Poison: .       Res.Corr.  : .   (helmet restricted)
Res.Elec. : .       Clarity    : .   o - +0 cloak
Sust.Abil.: . .     Spirit.Shd : .   (no gloves)
Res.Mut.  : .       Stasis     : .   (no boots)
Res.Rott. : .       Flight     : .   (no amulet)
Saprovore : . . .                    x - ring of protection from cold
                                     F - +3 ring of evasion

@: somewhat resistant to hostile enchantments, extremely unstealthy
A: retaliatory headbutt, horns 2, Int +2
a: Heroism, Renounce Religion


You were on level 9 of the Dungeon.
You worshipped Okawaru.
Okawaru was greatly pleased with you.
You were not hungry.

You visited 2 branches of the dungeon, and saw 10 of its levels.
You also visited: Sewer.

You collected 571 gold pieces.
You spent 292 gold pieces at shops.

Inventory:

Hand weapons
 y - a +0,+1 orcish hand axe (weapon)
Armour
 b - a -1 scale mail (worn)
 o - a +0 cloak (worn)
Magical devices
 c - a wand of slowing (3)
 g - a wand of heal wounds (2)
 z - a wand of lightning (0)
 A - a wand of digging (13)
 B - a wand of random effects (13)
Comestibles
 d - 7 bread rations
 f - 6 beef jerkies
 i - 3 apples
 k - 3 meat rations
 s - a pear
 H - 3 chunks of giant frog flesh
Scrolls
 l - a scroll of identify
 m - 7 scrolls of remove curse
 C - 2 scrolls of enchant weapon I
Jewellery
 p - an uncursed ring of magical power
 u - an uncursed ring of positive energy
 x - a ring of protection from cold (right hand)
 F - a +3 ring of evasion (left hand)
Potions
 h - a potion of heal wounds
 j - a potion of slowing
 n - 2 potions of brilliance
 q - 2 potions of invisibility
 r - a potion of speed
 t - 5 potions of curing
 v - 3 potions of flight
 D - a potion of magic
 E - a potion of restore abilities
 G - a potion of mutation {unknown}
Books
 w - a book of Summonings

   Spells                             Type                      Level
   Abjuration                         Summoning                    3
   Recall                             Summoning/Translocation      3
   Summon Elemental                   Summoning                    4
   Shadow Creatures                   Summoning                    5
   Summon Demon                       Summoning                    5
   Summon Ugly Thing                  Summoning                    6


   Skills:
 - Level 3.6 Fighting
 * Level 15.1 Axes
 + Level 11.7 Armour
   Level 3.6 Shields


You had 9 spell levels left.
You didn't know any spells.

Dungeon Overview and Level Annotations

Branches:
Dungeon (9/27)             Temple (1/1) D:7            Lair (0/8) D:8
    Orc: D:6-11

Altars:
Ashenzari
Cheibriados
Elyvilon
Fedhas
Kikubaaqudgha
Makhleb
Nemelex Xobeh
Okawaru
Sif Muna
Trog
Vehumet
Xom
Yredelemnul
Zin
the Shining One

Shops:
D:5 ?   D:7 ?


Innate Abilities, Weirdness & Mutations

You reflexively headbutt those who attack you in melee.
You have a pair of horns on your head.
Your mind is acute. (Int +2)


Message History

Pain shoots through your body!
You see here a stone.
The orc throws a stone.
The stone hits you!
The orc priest becomes somewhat translucent.
You see here a stone.
The orc throws a stone.
You see here an orcish chain mail.
The orc priest calls down the wrath of Beogh upon you.
Something smites you!
The orc priest's eyes start to glow.
The orc throws a stone.
The orc priest prays to Beogh.
You feel troubled.
You see here a stone.
The orc priest mumbles some strange prayers to Beogh against you.
Something smites you!
* * * LOW HITPOINT WARNING * * *
There is a stone staircase leading up here.
The orc warrior hits you with a great mace!
You die...

.................# #...######....
.................###.......((....
..........................((.....
......................o..([)(..(.
...........................)(....
.....................o.o......(#.
...................o(...........#
.............!)....##.#......(###
...........)#)[<@o..###.......###
#...........#.[####...#...#..(##.
.##...#..#..#### ##..#####.(.....
##.#.#...#.#.#<# #..## #....#.#
#.###.#..####.## #### ##.#####
##.#...### ### ### # ###.##.## #
####..# ####


You could see an orc warrior, 2 orc priests and 2 orcs.

Vanquished Creatures
  Psyche (D:8)
  A troll (D:8)
  A komodo dragon (D:8)
  Prince Ribbit (D:9)
  A hungry ghost (D:8)
  Eustachio (D:6)
  A wyvern (D:8)
  A hippogriff (D:8)
  A hog (D:8)
  Edmund (D:6)
  5 sky beasts
  A necrophage (D:6)
  A black bear (D:8)
  8 ogres
  2 phantoms (D:9)
  An ice beast (D:5)
  8 centaurs
  Blork the orc (D:9)
  A big kobold (Sewer)
  5 giant frogs
  5 killer bees
  6 wights
  A giant frog zombie (D:8)
  2 goliath beetles
  A yellow wasp zombie (D:8)
  An orc priest (D:5)
  A big fish (Sewer)
  3 crimson imps
  A centaur zombie (D:6)
  3 jellies
  7 hounds
  A giant frog skeleton (D:5)
  6 worker ants
  2 scorpions
  5 orc wizards
  Ijyb (D:6)
  14 adders
  10 gnolls
  3 green rats
  7 giant mites
  A goliath beetle zombie (D:9)
  An ufetubus (D:6)
  6 worms
  An adder zombie (D:8)
  An iguana zombie (D:8)
  An adder skeleton (D:8)
  A giant eyeball (D:8)
  6 giant geckos
  32 orcs
  6 ball pythons
  16 bats
  A bat zombie (D:7)
  7 giant cockroaches
  19 goblins
  8 grey rats
  21 hobgoblins
  8 jackals
  12 giant newts
  A goblin skeleton (D:4)
  2 hobgoblin skeletons
  18 kobolds
  4 quokkas
  15 rats
  2 rat skeletons
  A ballistomycete (D:9)
314 creatures vanquished.

Vanquished Creatures (others)
  A giant spore (D:9)
  2 kobolds
  A plant (D:8)
4 creatures vanquished.

Grand Total: 318 creatures vanquished

Notes
Turn   | Place    | Note
--------------------------------------------------------------
     0 | D:1      | Infinimo, the Minotaur Fighter, began the quest for the Orb.
     0 | D:1      | Reached XP level 1. HP: 19/19 MP: 0/0
   124 | D:1      | Reached skill level 4 in Armour
   161 | D:1      | Reached XP level 2. HP: 24/26 MP: 0/0
   717 | D:1      | Reached XP level 3. HP: 26/33 MP: 1/1
  1111 | D:1      | Reached XP level 4. HP: 16/39 MP: 1/1
  1364 | D:2      | Reached skill level 5 in Armour
  1785 | D:2      | Reached skill level 5 in Axes
  1800 | D:2      | Found a white marble altar of Elyvilon.
  2231 | D:2      | Reached XP level 5. HP: 44/46 MP: 1/1
  3315 | D:3      | Noticed an ogre
  3324 | D:3      | Killed an ogre
  3324 | D:3      | Reached skill level 6 in Axes
  3324 | D:3      | Reached XP level 6. HP: 14/52 MP: 2/2
  3938 | D:4      | Found a glowing drain.
  3957 | Sewer    | Entered a sewer
  4038 | Sewer    | Reached skill level 7 in Axes
  4063 | Sewer    | Found a white marble altar of Elyvilon.
  4453 | D:4      | Got a brightly glowing robe
  4464 | D:4      | Identified the +2 robe of Xorenaitz {rC+} (You found it on level 4 of the Dungeon)
  4819 | D:4      | Found a shimmering altar of Xom.
  5146 | D:5      | Entered Level 5 of the Dungeon
  5281 | D:5      | Reached XP level 7. HP: 56/59 MP: 2/2
  5307 | D:5      | Found a snail-covered altar of Cheibriados.
  5312 | D:5      | Found an iron altar of Okawaru.
  5312 | D:5      | Found a radiant altar of Vehumet.
  5312 | D:5      | Found a shimmering altar of Xom.
  5315 | D:5      | Found an ancient bone altar of Kikubaaqudgha.
  5467 | D:5      | Became a worshipper of Warmaster Okawaru
  5593 | D:5      | Reached skill level 8 in Axes
  5888 | D:5      | Noticed a moth of wrath
  5891 | D:5      | Found a bloodstained altar of Trog.
  6086 | D:5      | Found Cliasah's Magic Scroll Emporium.
  6091 | D:5      | Bought a scroll of identify for 24 gold pieces
  6091 | D:5      | Bought a scroll of enchant weapon I for 66 gold pieces
  6143 | D:5      | Reached skill level 9 in Axes
  6346 | D:6      | Reached XP level 8. HP: 58/66 MP: 2/2
  7058 | D:6      | Noticed Edmund
  7077 | D:6      | Killed Edmund
  7128 | D:6      | Reached skill level 10 in Axes
  7229 | D:6      | Noticed Ijyb
  7241 | D:6      | Killed Ijyb
  7338 | D:6      | Acquired Okawaru's first power
  7821 | D:6      | Noticed Eustachio
  8069 | D:6      | Killed Eustachio
  8069 | D:6      | Reached skill level 11 in Axes
  8099 | D:6      | Found a deep blue altar of Sif Muna.
  9078 | D:6      | Found a bloodstained altar of Trog.
  9197 | D:6      | Reached XP level 9. HP: 50/70 MP: 3/3
  9652 | D:7      | Found Gheliku's Magic Scroll Shoppe.
  9658 | D:7      | Bought a scroll of enchant armour for 82 gold pieces
  9658 | D:7      | Bought a scroll of identify for 30 gold pieces
  9658 | D:7      | Bought a scroll of identify for 30 gold pieces
  9658 | D:7      | Bought a scroll of identify for 30 gold pieces
  9658 | D:7      | Bought a scroll of identify for 30 gold pieces
  9772 | D:7      | Found a staircase to the Ecumenical Temple.
  9777 | Temple   | Entered the Ecumenical Temple
 10087 | D:7      | Reached skill level 12 in Axes
 10836 | D:7      | Gained mutation: Your mind is acute. (Int +2) [potion of beneficial mutation]
 11340 | D:7      | Reached skill level 10 in Armour
 11604 | D:8      | Reached skill level 13 in Axes
 11885 | D:8      | Noticed Psyche
 11886 | D:8      | Paralysed by Psyche for 4 turns
 12210 | D:8      | Killed Psyche
 12210 | D:8      | Reached XP level 10. HP: 74/77 MP: 3/3
 12617 | D:8      | Found a staircase to the Lair.
 13113 | D:9      | Noticed Erolcha
 13115 | D:9      | Noticed Blork the orc
 13147 | D:8      | Reached skill level 14 in Axes
 13306 | D:8      | Paralysed by Erolcha for 3 turns
 13575 | D:8      | Noticed Erolcha
 13575 | D:8      | Erolcha changed into Erolcha the hog
 13614 | D:8      | Killed Erolcha the hog
 14098 | D:9      | Killed Blork the orc
 14783 | D:9      | Noticed Prince Ribbit
 14807 | D:9      | Killed Prince Ribbit
 14838 | D:9      | Found a glowing silver altar of Zin.
 14853 | D:9      | Found a glowing golden altar of the Shining One.
 15248 | D:9      | Reached skill level 15 in Axes
 15590 | D:9      | Slain by an orc warrior

Action                   |  1- 3 |  4- 6 |  7- 9 | 10-12 || total
-------------------------+-------+-------+-------+-------++-------
Melee: Hand axe          |    90 |   232 |   699 |   266 ||  1287
Evoke: Wand              |       |     1 |    11 |     2 ||    14
  Use: Scroll            |     3 |     7 |     9 |    10 ||    29
       Potion            |       |       |     1 |     3 ||     4
 Stab: Confused          |       |       |       |     1 ||     1
